 Dungeon Crawl Stone Soup version 0.28.0 (webtiles) character file.

Game seed: 16715998425686201359

2359 freelancePsychic the Covert (level 9, -10/58 (60) HPs)
             Began as a Kobold Delver on Feb 6, 2022.
             Was a Priest of Wu Jian.
             Killed from afar by Psyche (27 damage)
             ... with a bolt of acid
             ... on level 8 of the Dungeon.
             The game lasted 00:15:15 (8242 turns).

freelancePsychic the Covert (Kobold Delver)         Turns: 8242, Time: 00:15:15

HP:   -10/58 (60)   AC:  6    Str:  9    XL:     9   Next: 72%
MP:   9/9           EV: 15    Int: 16    God:    Wu Jian [***...]
Gold: 160           SH:  0    Dex: 16    Spells: 8/8 levels left

rFire   . . .      SeeInvis .   a - +2 dagger (venom)
rCold   + . .      Faith    .   (no shield)
rNeg    . . .      Spirit   .   w - +0 leather armour "Kaeh" {rC+}
rPois   .          Reflect  .   (no helmet)
rElec   .          Harm     .   q - +2 cloak {Will+}
rCorr   .          Rampage  .   (no gloves)
Will    +....                   (no boots)
Stlth   ++++++....              (no amulet)
HPRegen 0.19/turn               (no ring)
MPRegen 0.11/turn               (no ring)

@: exhausted, about to teleport, lightly drained
A: small, no large weapons, nightstalker 3
a: Renounce Religion, Wall Jump, Serpent's Lash


You were on level 8 of the Dungeon.
You worshipped Wu Jian.
Wu Jian was most pleased with you.
You visited 2 branches of the dungeon, and saw 9 of its levels.
You also visited: Sewer.

You collected 244 gold pieces.
You spent 84 gold pieces at shops.

Inventory:

Hand Weapons
 a - a +2 dagger of venom (weapon)
Armour
 b - a +0 leather armour
 q - a +2 cloak of willpower (worn)
 w - the +0 leather armour "Kaeh" (worn) {rC+}
   (You found it on level 5 of the Dungeon)

   rC:        It protects you from cold.
Jewellery
 e - a ring of wizardry
Wands
 g - a wand of digging (3)
 p - a wand of paralysis (5)
 t - a wand of mindburst (13)
Scrolls
 c - 2 scrolls of fog
 f - 2 scrolls of identify {@r1}
 i - a scroll of enchant armour
 j - 5 scrolls of teleportation {@r4}
 k - a scroll of fear
 m - a scroll of torment
 o - 2 scrolls of vulnerability
 s - a scroll of blinking
 u - a scroll of immolation {unknown}
 x - a scroll of amnesia {unknown}
 y - a scroll of acquirement
Potions
 d - 2 potions of curing {@q1}
 h - 2 potions of attraction
 l - a potion of lignification
 n - a potion of experience {unknown}
 r - a potion of mutation {unknown}
 v - a potion of ambrosia


   Skills:
 + Level 8.3 Fighting
 + Level 9.5 Short Blades
 - Level 3.8 Dodging
 + Level 11.9 Stealth


You had 8 spell levels left.
You didn't know any spells.
Your spell library contained the following spells:

 Spells                   Type           Power      Damage    Failure   Level
 Animate Skeleton         Necr           0%         N/A       34%         1
 Pain                     Necr           0%         1d4       34%         1
 Shock                    Conj/Air       0%         1d3       34%         1
 Swiftness                Air            0%         N/A       71%         3
 Vampiric Draining        Necr           0%         2d6       71%         3
 Airstrike                Air            0%         N/A       98%         4
 Summon Lightning Spire   Summ/Air       0%         N/A       98%         4
 Lightning Bolt           Conj/Air       0%         1d11      100%        5


Dungeon Overview and Level Annotations

Branches:
Dungeon (8/15)             Temple (1/1) D:5           Sewer (visited)
   Lair: D:8-11

Altars:
Elyvilon
Fedhas
Nemelex Xobeh
Qazlal
Sif Muna
Trog
Wu Jian
Yredelemnul
Zin

Shops:
D:1 [   D:2 (   D:5 *

Annotations:
D:4 thepacket's ghost, amateur HOMo
D:5 3 runed translucent doors, willcat's ghost, weakling KoDe
D:8 Psyche


Innate Abilities, Weirdness & Mutations

You are small and have problems with some larger weapons.
You are completely attuned to the shadows.


Message History

You spin and attack Psyche repeatedly.
You hit Psyche but do no damage.
Psyche looks as sick as possible!
Psyche is lightly wounded.
You closely miss Psyche.
Psyche is lightly wounded.
You hear a shout!
Psyche zaps a wand.
The bolt of acid misses you.
You spin and attack Psyche repeatedly.
You barely miss Psyche.
Psyche is lightly wounded.
You hit Psyche but do no damage.
Psyche looks as sick as possible!
Psyche is lightly wounded.
The centaur wields a +0 shortbow.
The centaur shoots an arrow.
The arrow barely misses you. Psyche gestures at you while chanting.
You resist with almost no effort.
The centaur shoots an arrow.
The arrow completely misses you.
You hit Psyche.
Psyche looks as sick as possible!
Psyche is moderately wounded.
Psyche gestures wildly while chanting.
Psyche flickers and vanishes!
The centaur shoots an arrow.
The arrow hits you!
You hear a zap.
A bolt of acid appears from out of thin air!
The bolt of acid hits you!!
You hear some strange, mumbled words.
A swirling arc of seething chaos appears!
An arc of chaos appears from out of thin air!
The arc of chaos hits you!
You feel drained.
* * * LOW HITPOINT WARNING * * *
You hear a howl!
As you read the scroll of teleportation {@r4}, it crumbles to dust.
You feel strangely unstable.
You hear some strange, mumbled words.
Something tries to affect you, but you resist.
The centaur shoots an arrow.
You hear a zap.
A bolt of acid appears from out of thin air!
The bolt of acid hits you!!
You die...

.#..8..#... .# ...
.....#$..
###.#####.#####.###...
......#$...)#.........
#.##.#c....#.###.....
#....{..(....# ####..
..#..#.....#.# ##+
##.#)...!#.# #.
#@###.###.# ###^
#.........# #...
##.####..######.>.
#..........#....<
###.##.###..#....
#.##.....###.#.
#.######..#....
#.######.#.###.
#........### #.


There were no monsters in sight!

Vanquished Creatures
  Pikel (D:6)
  A wraith (D:8)
  2 steam dragons
  An ice beast (D:5)
  A black bear (D:5)
  An ogre (D:5)
  A necrophage (D:5)
  3 lemures (D:6)
  A phantom (D:4)
  2 scorpions
  A water moccasin zombie (D:6)
  3 wights
  4 bullfrog zombies
  A jelly (D:6)
  3 hounds
  A gnoll shaman (D:7)
  2 centaur skeletons
  A bullfrog skeleton (D:5)
  3 iguanas (D:5)
  2 orc wizards
  A howler monkey zombie (D:4)
  2 howler monkey skeletons
  9 adders
  3 gnolls (D:7)
  A river rat (Sewer)
  A shadow imp (D:7)
  4 white imps
  An ufetubus (D:6)
  3 worms
  13 orcs
  9 endoplasms
  4 giant cockroaches
  9 goblins
  5 hobgoblins
  3 jackals (D:3)
  4 quokkas
  8 ball pythons
  7 bats
  5 frilled lizards
  4 kobolds
  15 rats
146 creatures vanquished.

Vanquished Creatures (others)
  An orc wizard (D:8)
1 creature vanquished.

Grand Total: 147 creatures vanquished

Notes
Turn   | Place    | Note
-------+----------+-------------------------------------------
     0 | D:5      | freelancePsychic the Kobold Delver began the quest for the
                  | Orb.
     0 | D:5      | Reached XP level 1. HP: 14/14 MP: 1/1
    16 | D:5      | Noticed an iguana
    28 | D:5      | Noticed an iguana
    32 | D:5      | Killed an iguana
    33 | D:5      | Reached XP level 2. HP: 19/19 MP: 2/2
    33 | D:5      | Reached XP level 3. HP: 23/23 MP: 3/3
    52 | D:5      | Found a staircase to the Ecumenical Temple.
    58 | Temple   | Entered the Ecumenical Temple
    68 | Temple   | Became a worshipper of the Wu Jian Council
    87 | D:5      | Found a sparkling altar of Nemelex Xobeh.
    92 | D:5      | Noticed an ogre
    95 | D:5      | Killed an ogre
    96 | D:5      | Reached skill level 7 in Stealth
    96 | D:5      | Reached XP level 4. HP: 29/29 MP: 4/4
    96 | D:5      | Reached XP level 5. HP: 33/33 MP: 5/5
   170 | D:5      | Noticed a black bear
   469 | D:3      | Found a faded altar of an unknown god.
   840 | D:3      | Found a glowing drain.
   844 | Sewer    | Entered a sewer
  1128 | Sewer    | Reached * piety under Wu Jian
  1199 | Sewer    | Reached XP level 6. HP: 39/39 MP: 6/6
  1446 | D:3      | Found a shimmering blue altar of Sif Muna.
  2131 | D:1      | Reached skill level 8 in Stealth
  2304 | D:1      | Reached ** piety under Wu Jian
  2547 | D:1      | Found Magaug's Antique Armour Emporium.
  3337 | D:2      | Found Zaem's Antique Weapon Boutique.
  3928 | D:4      | Reached skill level 5 in Short Blades
  4199 | D:4      | Found a blossoming altar of Fedhas.
  4325 | D:4      | Reached skill level 5 in Fighting
  4325 | D:4      | Reached XP level 7. HP: 44/44 MP: 7/7
  4410 | D:4      | Found a transporter.
  4411 | D:4      | Noticed thepacket's ghost (amateur HOMo)
  4526 | D:4      | Found a transporter.
  4573 | D:5      | Found a stormy altar of Qazlal.
  4580 | D:5      | Found a glowing silver altar of Zin.
  4614 | D:5      | Identified the +0 leather armour "Kaeh" {rC+}
  4698 | D:5      | Found Ytzacitt's Assorted Antiques.
  4704 | D:5      | Bought a scroll labelled DEMAFAOLOA for 28 gold pieces
  4704 | D:5      | Bought a scroll labelled MYSHRU WUDGHEFEM for 28 gold
                  | pieces
  4704 | D:5      | Bought a scroll labelled MYSHRU WUDGHEFEM for 28 gold
                  | pieces
  4706 | D:5      | Identified a scroll of acquirement
  4726 | D:5      | Found a bloodstained altar of Trog.
  4843 | D:5      | Reached skill level 9 in Stealth
  5071 | D:5      | Reached *** piety under Wu Jian
  5072 | D:5      | Reached XP level 8. HP: 45/51 MP: 8/8
  5137 | D:5      | Found a runed translucent gate.
  5138 | D:5      | Found a runed translucent gate.
  5139 | D:5      | Found a runed translucent gate.
  5261 | D:5      | Noticed willcat's ghost (weakling KoDe)
  5988 | D:6      | Reached skill level 10 in Stealth
  6221 | D:6      | Noticed Pikel
  6222 | D:6      | Killed Pikel
  6223 | D:6      | Reached XP level 9. HP: 57/57 MP: 9/9
  6226 | D:6      | Reached skill level 11 in Stealth
  7302 | D:6      | Acquired a +2 cloak of willpower
  8060 | D:8      | Noticed Psyche
  8242 | D:8      | Killed from afar by Psyche

Illustrated notes

Levels and vault maps discovered:
D:1:      dpeg_arrival_prison, layout_basic, serial_shops, nicolae_shop_stone
D:2:      layout_rooms, serial_shops, nicolae_shop_statue_plus
D:3:      layout_basic, overflow_temple_1_default, gup_sewer_entry_spiral,
          ebering_ecumenical_altar_hall
D:4:      layout_loops_corners, lemuel_round_altar, gammafunk_ghost_mausoleum,
          corner_web_ring
D:5:      layout_loops_corners, mainiacjoe_overflow_big_doors,
          mainiacjoe_overflow_catwalk_spiral,
          minmay_temple_entry_statues_pillars, serial_shops,
          nicolae_lakefront_shop, gammafunk_ghost_split
D:6:      layout_rooms, serial_co_window_serial, co_window_paths_a,
          co_window_of_opportunity_a, co_window_corner_a, co_window_corner_a,
          co_window_paths_a, co_window_corner_a, co_window_corner_a,
          co_window_paths_a, co_window_corner_a, co_window_cross_4,
          co_window_of_opportunity_b, co_window_2corner, co_window_paths_c,
          co_window_of_opportunity_b, co_window_paths_c,
          co_window_unsneaky_path_b, glass_columns_a, uniq_pikel
D:7:      layout_rooms, kennysheep_small_square
D:8:      layout_loops_corners, erik_lair_dragon, minmay_holes,
          minmay_chambers_of_fives, uniq_psyche
Temple:   nicolae_temple_great_sept

Skill      XL: |  1  2  3  4  5  6  7  8  9 |
---------------+----------------------------+-----
Short Blades   | 3 4 5 6 8 9 |  9.5
Fighting       | 4 5 7 8 |  8.3
Dodging        | 3 |  3.8
Stealth        | 7 8 9 10 11 | 11.9

Action                   |  1- 3 |  4- 6 |  7- 9 || total
-------------------------+-------+-------+-------++-------
Melee: Short sword       |     2 |   113 |       ||   115
       Dagger            |       |   144 |   265 ||   409
       Punch             |       |     1 |     2 ||     3
Invok: Lunge             |     1 |    44 |    25 ||    70
       Whirlwind         |       |     2 |    10 ||    12
       Serpent's Lash    |       |       |     3 ||     3
  Use: Potion            |     1 |     2 |     6 ||     9
       Scroll            |     1 |     1 |     9 ||    11
 Stab: Sleeping          |     2 |    63 |    31 ||    96
       Distracted        |       |     2 |     3 ||     5
Armor: Leather armour    |       |    47 |    15 ||    62
       Skin              |       |       |    12 ||    12
Dodge: Dodged            |     2 |   124 |    96 ||   222
